 Dungeon Crawl Stone Soup version 0.28-a0-1212-gc6b4282bc0 (webtiles) character file.

Game seed: 14145919015786760325

222 BinkBink the Cutter (level 5, -2/36 HPs)
             Began as a Demonspawn Chaos Knight on Dec 21, 2021.
             Was a Plaything of Xom.
             Frozen to death by an endoplasm (5 damage)
             ... in a sewer.
             The game lasted 00:02:41 (2616 turns).

BinkBink the Cutter (Demonspawn Chaos Knight)       Turns: 2616, Time: 00:02:41

Health: -2/36      AC:  5    Str: 13    XL:     5   Next: 66%
Magic:  5/5        EV: 11    Int: 13    God:    Xom [*.....]
Gold:   50         SH:  0    Dex: 14    Spells: 4/4 levels left

rFire   . . .      SeeInvis .   a - +0 short sword (chaos)
rCold   . . .      Faith    .   (no shield)
rNeg    . . .      Spirit   .   e - +2 robe {Will+}
rPois   .          Reflect  .   (no helmet)
rElec   .          Harm     .   (no cloak)
rCorr   .          Rampage  .   (no gloves)
Will    +....                   (no boots)
Stlth   +.........              (no amulet)
HPRegen 0.12/turn               (no ring)
MPRegen 0.09/turn               (no ring)

@: lethally poisoned (-2 -> -4), flying, slowed, very slow
A: molten scales 1, ignite blood 1, powered by death 1, deformed body, frail 1
a: Renounce Religion


You were in a sewer.
You worshipped Xom.
You were a special plaything of Xom.
You visited 1 branch of the dungeon, and saw 3 of its levels.
You also visited: Sewer.

You collected 50 gold pieces.

Inventory:

Hand Weapons
 a - a +0 short sword of chaos (weapon)
Armour
 e - a +2 robe of willpower (worn)
Scrolls
 b - a scroll of identify {unknown}
 c - 3 scrolls of enchant armour {unknown}
 f - a scroll of fear {unknown}
Potions
 d - a potion of flight


   Skills:
 - Level 3.0 Fighting
 + Level 5.9 Short Blades
 - Level 1.7 Armour
 - Level 0.8 Dodging


You had 4 spell levels left.
You didn't know any spells.
Your spell library contained the following spells:

 Spells                   Type           Power      Damage    Failure   Level
 Frozen Ramparts          Ice            0%         1d2       67%         3
 Inner Flame              Hex/Fire       0%         N/A       67%         3
 Cause Fear               Hex            0%         N/A       97%         4
 Ice Form                 Ice/Tmut       0%         N/A       97%         4
 Summon Ice Beast         Ice/Summ       0%         N/A       97%         4
 Discord                  Hex            0%         N/A       100%        8


Dungeon Overview and Level Annotations

Branches:
Dungeon (3/15)              Sewer (1/1)

Altars:
Dithmenos


Innate Abilities, Weirdness & Mutations

You are partially covered in molten scales. (AC +2)
Your demonic aura sometimes causes spilled blood to erupt in flames.
You regenerate a little health from kills.
Armour fits poorly on your strangely shaped body.
You are frail. (-10% HP)


Message History

f - a scroll labelled XABIVU FUNEN You enter the shallow water.
Moving in this stuff is going to be slow.
An endoplasm and a kobold brigand come into view.
The kobold brigand is wielding a +0 dagger and quivering curare-tipped darts.
The kobold brigand shouts!
The endoplasm quivers.
The kobold brigand throws a curare-tipped dart.
The curare-tipped dart hits you.
You are poisoned.
You have difficulty breathing.
You feel yourself slow down.
You feel very sick.
You enter the shallow water.
Moving in this stuff is going to be slow.
You feel very sick.
Xom chortles.
The kobold brigand's +0 dagger erupts in a glittering mayhem of colour.
The endoplasm freezes you.
You are frozen.
The kobold brigand hits you with a +2 dagger of chaos.
The kobold brigand burns you.
* * * LOW HITPOINT WARNING * * *
The endoplasm hits you.
* * * LOW HITPOINT WARNING * * *
You feel sick.
The kobold brigand throws a curare-tipped dart.
The curare-tipped dart barely misses you.
It was a potion of flight.
You feel very buoyant.
You fly up into the air.
Xom thinks this is hilarious!
You feel sick. The endoplasm hits you.
* * * LOW HITPOINT WARNING * * *
The kobold brigand closely misses you.
* * * LOW HITPOINT WARNING * * *
You feel sick. The endoplasm freezes you.
You are frozen.
You die...
Xom laughs nastily!

#≈≈≈..#####..≈≈
#.≈≈.## #.≈.
#.≈.## #.≈
#...# .≈ #≈≈.#
##≈≈≈## #≈≈≈≈.#
#≈###≈# #@# #≈#
##J###≈##
#.K≈#≈≈≈#
#≈#≈#≈#≈# #≈
≈#)#≈# #≈
≈#≈#≈# #.
.#.#.# ##
######


You could see a kobold brigand and an endoplasm.

Vanquished Creatures
  A kobold brigand (Sewer)
  2 adders
  A worm (D:2)
  2 dart slugs
  5 endoplasms
  3 giant cockroaches (D:3)
  4 goblins
  4 hobgoblins
  2 jackals (D:1)
  6 kobolds
  2 quokkas
  6 ball pythons
  3 bats (D:1)
  3 frilled lizards
44 creatures vanquished.

Vanquished Creatures (collateral kills)
  An ogre (D:2)
1 creature vanquished.

Grand Total: 45 creatures vanquished

Notes
Turn   | Place    | Note
-------+----------+-------------------------------------------
     0 | D:1      | BinkBink the Demonspawn Chaos Knight began the quest for
                  | the Orb.
     0 | D:1      | Reached XP level 1. HP: 18/18 MP: 1/1
    55 | D:1      | XOM: butterfly on damage
   319 | D:1      | Reached skill level 3 in Short Blades
   448 | D:1      | Found a faded altar of an unknown god.
   458 | D:1      | Gained mutation: You regenerate a little health from kills.
                  | [demonic ancestry]
   458 | D:1      | Reached XP level 2. HP: 21/24 MP: 2/2
  1053 | D:1      | Gained mutation: You are partially covered in molten
                  | scales. (AC +2) [demonic ancestry]
  1053 | D:1      | Reached XP level 3. HP: 24/29 MP: 3/3
  1576 | D:2      | XOM: silly message
  1674 | D:2      | Reached skill level 4 in Short Blades
  1959 | D:2      | XOM: god gift: mace {god gift}
  1967 | D:2      | Found a shadowy altar of Dithmenos.
  2097 | D:2      | XOM: god gift: 39 gold pieces
  2161 | D:2      | Noticed an ogre
  2166 | D:2      | XOM: summons 3 friendly demons
  2168 | D:2      | Killed an ogre
  2169 | D:2      | Reached skill level 5 in Short Blades
  2169 | D:2      | Reached XP level 4. HP: 35/35 MP: 4/4
  2220 | D:2      | XOM: give mutations
  2220 | D:2      | Gained mutation: You are frail. (-10% HP) [Xom's mischief]
  2220 | D:2      | Gained mutation: Armour fits poorly on your strangely
                  | shaped body. [Xom's mischief]
  2368 | D:2      | Gained mutation: Your demonic aura sometimes causes spilled
                  | blood to erupt in flames. [demonic ancestry]
  2368 | D:2      | Reached XP level 5. HP: 34/36 MP: 5/5
  2513 | D:3      | XOM: noise
  2530 | D:3      | Found a glowing drain.
  2563 | Sewer    | Entered a sewer
  2586 | Sewer    | XOM: enchant monster (good)
  2613 | Sewer    | XOM: chaos upgrade
  2616 | Sewer    | Frozen to death by an endoplasm

Illustrated notes

Levels and vault maps discovered:
D:1:      amcnicky_arrival_wind_blow, layout_basic,
          chequers_ecumenical_altar_island, grunt_decor_resistance
D:2:      layout_loops_ring, basic_altar, st_stairs_14
D:3:      wander_river, layout_basic, mainiacjoe_overflow_small_starburst,
          gup_sewer_entry_glass
Sewer:    sewer_co_tree

Skill      XL: |  1  2  3 |
---------------+----------+-----
Short Blades   | 3 5 |  5.9
Fighting       | |  3.0
Armour         | |  1.7
Dodging        | |  0.8

Action                   |  1- 3 |  4- 6 || total
-------------------------+-------+-------++-------
Melee: Short sword       |   123 |    28 ||   151
  Use: Potion            |       |     1 ||     1
 Stab: Paralysed         |     3 |     2 ||     5
       Sleeping          |     1 |       ||     1
Armor: Leather armour    |    31 |       ||    31
       Robe              |     7 |     8 ||    15
Dodge: Dodged            |    60 |    16 ||    76

Table legend: (Time is in decaauts)
 A = Elapsed time spent in this place.
 B = Non-inter-level travel time spent in this place.
 C = Inter-level travel time spent in this place.
 D = Time resting spent in this place.
 E = Time spent auto-exploring this place.
 F = Levels seen in this place.
 G = Mean time per level.
                   A        B        C        D        E       F      G
               +--------+--------+--------+--------+--------+-----+--------+
         Total |   2630 |   2552 |     78 |      0 |   2185 |   4 |  657.5 |
       Dungeon |   2558 |   2480 |     78 |      0 |   2137 |   3 |  852.7 |
         Sewer |     72 |     72 |      0 |      0 |     48 |   1 |   72.0 |
               +--------+--------+--------+--------+--------+-----+--------+

Top non-repeatable levels by time:
     D:1: 1534 daAuts
     D:2: 976 daAuts
   Sewer: 72 daAuts
     D:3: 47 daAuts
